 Dungeon Crawl Stone Soup version 0.23-a0-767-gdc19b93d68 (webtiles) character file.

5045 Hercules1031 the Fighter (level 10, -4/96 HPs)
             Began as a Gargoyle Fighter on Jan 27, 2019.
             Was a Follower of Ashenzari.
             Slain by a death yak (9 damage)
             ... on level 8 of the Dungeon.
             The game lasted 00:25:09 (6826 turns).

Hercules1031 the Fighter (Gargoyle Fighter)         Turns: 6826, Time: 00:25:10

Health: -4/96      AC: 32    Str: 32    XL:     10   Next: 55%
Magic:  10/10      EV:  2    Int: 14    God:    Ashenzari [*.....]
Gold:   204        SH: 12    Dex: 10    Spells: 9/9 levels left

rFire    + . .     SeeInvis .   r - +2 flail (protect) (curse)
rCold    + . .     Gourm    .   c - +0 shield (curse)
rNeg     + + +     Faith    .   (armour currently unavailable)
rPois    ∞         Spirit   .   (helmet currently unavailable)
rElec    +         Reflect  .   (cloak currently unavailable)
rCorr    +         Harm     .   (gloves currently unavailable)
MR       .....     NoTele   +   (boots currently unavailable)
Stlth    +.........             (no amulet)
HPRegen  0.66/turn              n - +3 ring of dexterity
MPRegen  0.12/turn              p - +4 ring of strength (curse)

@: mighty, brilliant, tree-form, resistant, protection aura
A: blurry vision 1, clumsy 1, negative energy resistance 1, regeneration 1,
petrification resistance, rot immunity, inability to use devices, AC +7
a: Curse Item, Scrying, Renounce Religion


You were on level 8 of the Dungeon.
You worshipped Ashenzari.
Ashenzari was aware of your devotion.
You were full.
You were a tree.
You visited 2 branches of the dungeon, and saw 9 of its levels.
You also visited: Ossuary.

You collected 348 gold pieces.
You spent 144 gold pieces at shops.

Inventory:

Hand Weapons
 a - a +0 flail
 d - a cursed +0 dire flail
 i - a +0 whip
 r - a cursed +2 flail of protection (weapon)
Armour
 b - a +0 scale mail
 c - a cursed +0 shield (worn)
 g - a cursed +1 pair of gloves (melded)
 s - a +0 chain mail
 E - a cursed +0 plate armour (melded)
Jewellery
 h - an uncursed ring of magical power
 k - an uncursed ring of positive energy
 n - a +3 ring of dexterity (left branch)
 p - a cursed +4 ring of strength (right branch)
 q - a +2 ring of intelligence
 C - an uncursed ring of see invisible
Scrolls
 j - a scroll of immolation
 m - 3 scrolls of identify
 o - 2 scrolls of blinking
 u - 2 scrolls of teleportation
 w - a scroll of remove curse
 y - a scroll of enchant weapon
 A - a scroll of magic mapping
Potions
 e - 2 potions of brilliance
 t - a potion of resistance
 v - a potion of invisibility
 D - a potion of magic
 F - a potion of flight
Comestibles
 f - 4 rations


   Skills:
 + Level 8.3 Fighting
 + Level 7.1 Maces & Flails
 + Level 8.2 Armour
 + Level 5.5 Dodging
 + Level 8.2 Shields


You had 9 spell levels left.
You didn't know any spells.
Your spell library contained the following spells:

 Spells                   Type           Power        Failure   Level  Hunger
 Animate Skeleton         Necr           N/A          8%          1    ##.....
 Apportation              Tloc           #.....       8%          1    ##.....
 Beastly Appendage        Tmut           #.....       8%          1    ##.....
 Confusing Touch          Hex            #.....       8%          1    ##.....
 Summon Small Mammal      Summ           #...         8%          1    ##.....
 Sticks to Snakes         Tmut           #.......     12%         2    ###....
 Spider Form              Tmut/Pois      #.........   21%         3    ####...
 Ice Form                 Ice/Tmut       #.......     50%         4    #####..
 Blade Hands              Tmut           #.........   80%         5    ######.


Dungeon Overview and Level Annotations

Branches:
Dungeon (8/15)             Temple (1/1) D:5
   Lair: D:8-11

Altars:
Ashenzari
Cheibriados
Dithmenos
Elyvilon
Fedhas
Hepliaklqana
Kikubaaqudgha
Makhleb
Nemelex Xobeh
Okawaru
Qazlal
Ru
Sif Muna
Trog
Uskayaw
Vehumet
Wu Jian
Xom
Yredelemnul
Zin

Shops:
D:4 [


Innate Abilities, Weirdness & Mutations

You are resistant to torment.
((Your stone body is resilient. (AC +7)))
You are immune to poison.
You resist negative energy. (rN+)
((You are resistant to electric shocks. (rElec)))
((You can survive without breathing.))
You are immune to petrification.
You are immune to rotting.
You cannot study or use magical devices.
Scrolls take you a little longer to read.
You are clumsy. (Dex -2)
Your natural rate of healing is unusually fast.


Message History

You block the death yak's attack.
You bludgeon the death yak!!
The death yak is heavily wounded.
The death yak gores you!
* * * LOW HITPOINT WARNING * * *
You block the death yak's attack.
You hit the death yak.
The death yak is heavily wounded.
The death yak gores you!
* * * LOW HITPOINT WARNING * * *
The death yak completely misses you.
You thump the death yak!
The death yak is severely wounded.
The death yak gores you.
* * * LOW HITPOINT WARNING * * *
You block the death yak's attack.
Unknown command.
You feel clever all of a sudden. The death yak gores you!
You die...

###.....#.##########.#
#
.../......†......[..>#
#
#.#######.############
## #.# #####. #.#####
#.†... #.....# #.###.
#####.# #.# #. ####.#
#.# ## #♣Y..# #.#
########Y#### #.#
#......YYZ# #.#
#.....(.Y.# #.####
#......(..# #.....
#.........# ######
#%........#
#####....## #...>..#


You could see 3 death yaks, a yak, a sky beast and a howler monkey zombie.

Vanquished Creatures
  2 death yaks (D:8)
  Pikel (D:6)
  An ice beast (D:8)
  3 sky beasts
  3 hornet zombies (Ossuary)
  An orc warrior (D:8)
  A black bear (D:8)
  4 ogres (D:6)
  3 centaurs
  A crocodile (D:7)
  Blork the orc (D:6)
  4 bullfrogs
  2 scorpions
  4 howler monkeys
  2 crimson imps
  4 centaur zombies (Ossuary)
  5 bullfrog zombies
  A hound (D:8)
  An orc priest (D:8)
  4 orc wizards
  A bullfrog skeleton (D:4)
  13 mummies (Ossuary)
  4 worker ants
  3 hound zombies (Ossuary)
  2 hound skeletons
  2 howler monkey zombies
  4 worker ant zombies
  7 gnolls
  14 adders
  2 adder zombies (Ossuary)
  2 adder skeletons
  2 worms
  A dart slug (D:1)
  3 leopard geckos
  18 orcs
  13 giant cockroaches
  6 goblins
  6 hobgoblins
  6 jackals
  7 kobolds
  5 quokkas
  2 ball pythons
  3 bats
  6 frilled lizards
  A leopard gecko skeleton (D:7)
  2 leopard gecko zombies (Ossuary)
  A quokka skeleton (D:5)
  2 quokka zombies (Ossuary)
  7 rats
193 creatures vanquished.

Vanquished Creatures (others)
  3 orcs (D:6)
  A withered plant (Ossuary)
4 creatures vanquished.

Grand Total: 197 creatures vanquished

Notes
Turn   | Place    | Note
-------+----------+-------------------------------------------
     0 | D:1      | Hercules1031 the Gargoyle Fighter began the quest for the
                  | Orb.
     0 | D:1      | Reached XP level 1. HP: 14/14 MP: 1/1
   176 | D:1      | Reached XP level 2. HP: 19/19 MP: 2/2
   644 | D:2      | Reached XP level 3. HP: 9/23 MP: 3/3
   651 | D:2      | Found a sacrificial altar of Ru.
   935 | D:2      | Gained mutation: You passively map a small area around you.
                  | [potion of mutation]
   935 | D:2      | Lost mutation: You passively map a small area around you.
                  | [potion of mutation]
   935 | D:2      | Gained mutation: You possess an exceptional clarity of
                  | mind. [potion of mutation]
   935 | D:2      | Gained mutation: You have a pair of small horns on your
                  | head. [potion of mutation]
   950 | D:2      | Reached skill level 1 in Dodging
  1024 | D:2      | Found a snail-covered altar of Cheibriados.
  1029 | D:2      | Found a blossoming altar of Fedhas.
  1032 | D:2      | Found a shadowy altar of Dithmenos.
  1040 | D:2      | Found a hide-covered altar of Uskayaw.
  1075 | D:2      | Reached XP level 4. HP: 29/29 MP: 4/4
  1166 | D:2      | Lost mutation: You have a pair of small horns on your head.
                  | [potion of mutation]
  1166 | D:2      | Lost mutation: You possess an exceptional clarity of mind.
                  | [potion of mutation]
  1166 | D:2      | Gained mutation: You are clumsy. (Dex -2) [potion of
                  | mutation]
  1166 | D:2      | Gained mutation: Scrolls take you a little longer to read.
                  | [potion of mutation]
  1166 | D:2      | Gained mutation: Your natural rate of healing is unusually
                  | fast. [potion of mutation]
  1198 | D:2      | Found a white marble altar of Elyvilon.
  1343 | D:2      | Became a worshipper of Ru the Awakened
  1629 | D:3      | Reached XP level 5. HP: 32/33 MP: 5/5
  1881 | D:3      | Noticed a centaur
  1903 | D:3      | Killed a centaur
  2236 | D:4      | Reached XP level 6. HP: 39/39 MP: 6/6
  2474 | D:4      | Found Veif's Antique Armour Shop.
  2653 | D:4      | Gained mutation: You cannot study or use magical devices.
                  | [Ru sacrifice]
  2653 | D:4      | Reached * piety under Ru
  2653 | D:4      | Reached ** piety under Ru
  3085 | D:5      | Entered Level 5 of the Dungeon
  3094 | D:5      | Found a burning altar of Makhleb.
  3203 | D:5      | Reached XP level 7. HP: 39/44 MP: 7/7
  3293 | D:5      | Reached skill level 5 in Fighting
  3293 | D:5      | Reached skill level 5 in Shields
  3329 | D:5      | Reached skill level 5 in Armour
  3334 | D:5      | Found a staircase to the Ecumenical Temple.
  3352 | Temple   | Entered the Ecumenical Temple
  3449 | Temple   | Fell from the grace of Ru
  3449 | Temple   | Became a worshipper of Ashenzari the Shackled
  3549 | D:5      | Found a glowing silver altar of Zin.
  3921 | D:4      | Bought a pair of gloves for 144 gold pieces
  4051 | D:6      | Reached XP level 8. HP: 30/50 MP: 8/8
  4273 | D:6      | Noticed Pikel
  4274 | D:6      | Noticed Blork the orc
  4319 | D:6      | Killed Pikel
  4319 | D:6      | Reached skill level 5 in Maces & Flails
  4319 | D:6      | Reached XP level 9. HP: 15/56 MP: 9/9
  4324 | D:6      | Killed Blork the orc
  4674 | D:6      | Reached * piety under Ashenzari
  4693 | D:6      | Found an ornate altar of the Wu Jian Council.
  5223 | D:7      | Found an iron altar of Okawaru.
  5346 | D:7      | Found a sand-covered staircase.
  5353 | Ossuary  | Entered an ossuary
  5767 | Ossuary  | Reached XP level 10. HP: 63/63 MP: 10/10
  5933 | D:7      | Reached skill level 5 in Dodging
  6617 | D:8      | Found a deep blue altar of Sif Muna.
  6768 | D:8      | Noticed a death yak
  6768 | D:8      | Noticed a death yak
  6770 | D:8      | Noticed a death yak
  6770 | D:8      | Noticed a death yak
  6785 | D:8      | Noticed a death yak
  6801 | D:8      | Killed a death yak
  6804 | D:8      | HP: 1/64 [death yak (13)]
  6816 | D:8      | Killed a death yak
  6825 | D:8      | HP: 4/96 [death yak (6)]
  6826 | D:8      | Slain by a death yak

Vault maps used:
D:1:      dpeg_arrival_pits, kennysheep_small_spiral
D:2:      minmay_roachtagon, lemuel_coloured_pillars_altar,
          nicolae_ru_sacrificial_ziggurat, grunt_temple_overflow_cloverleaf,
          minmay_tromino_i2
D:3:      first_ration
D:4:      serial_shops, shop, kennysheep_decorative_pillar
D:5:      lemuel_upstairs_altar, lemuel_doored_altar,
          nicolae_overflow_crystal_walls, minmay_temple_entry_offerings
D:6:      kennysheep_mini_moat, uniq_blork_the_orc, uniq_pikel
D:7:      nicolae_overflow_hidden_temple, enter_ossuary_2
D:8:      nicolae_gozag_seed_capital, dpeg_lair_monsters, basic_altar
Temple:   zaba_magenta_temple
Ossuary:  ossuary_zaba_flooded

Skill      XL: |  1  2  3  4  5  6  7  8  9 10 |
---------------+-------------------------------+-----
Dodging        | 1 2 3 4 5 |  5.5
Fighting       | 4 5 6 7 8 |  8.3
Armour         | 4 5 6 7 8 |  8.2
Shields        | 4 5 6 7 8 |  8.2
Maces & Flails | 3 4 5 6 7 |  7.1

Action                   |  1- 3 |  4- 6 |  7- 9 | 10-12 || total
-------------------------+-------+-------+-------+-------++-------
Melee: Flail             |    46 |    67 |   571 |   164 ||   848
       Whip              |    96 |   275 |       |       ||   371
       Headbutt          |     7 |     6 |       |       ||    13
Invok: Sacrifice Artific |       |     1 |       |       ||     1
       Curse Item        |       |       |     5 |       ||     5
  Use: Scroll            |     2 |     5 |     1 |     5 ||    13
       Potion            |     2 |     4 |     8 |    10 ||    24
  Eat: Ration            |     2 |     1 |     2 |     2 ||     7
       Chunk             |       |       |     2 |       ||     2
Armor: Scale mail        |    98 |   136 |     6 |       ||   240
       Skin              |       |    13 |       |     8 ||    21
       Chain mail        |       |       |   405 |    90 ||   495
       Plate armour      |       |       |       |    16 ||    16
Dodge: Dodged            |    47 |   124 |   218 |    58 ||   447
Block: Shield            |    78 |   198 |   395 |   102 ||   773

Table legend:
 A = Non-vault XP
 B = Vault XP
 C = Vault XP percentage of total XP
 D = Non-vault monster count
 E = Vault monster count
 F = Vault count percentage of total count
                 A         B        C        D         E       F
            +---------+---------+-------+---------+---------+-------
      Total |    3545 |    3663 |  50.8 |     144 |      49 |  25.4
            +---------+---------+-------+---------+---------+-------
        D:1 |      23 |       0 |   0.0 |      15 |       0 |   0.0
        D:2 |      99 |      17 |  14.7 |      16 |       9 |  36.0
        D:3 |     158 |       0 |   0.0 |      21 |       0 |   0.0
        D:4 |     244 |       0 |   0.0 |      21 |       0 |   0.0
        D:5 |     455 |       0 |   0.0 |      19 |       0 |   0.0
        D:6 |    1138 |     740 |  39.4 |      20 |       2 |   9.1
        D:7 |     788 |       0 |   0.0 |      20 |       0 |   0.0
        D:8 |     640 |    1698 |  72.6 |      12 |       2 |  14.3
    Ossuary |       0 |    1208 | 100.0 |       0 |      36 | 100.0
            +---------+---------+-------+---------+---------+-------
